Description

https://terrancraft.com/2019/08/06/builds-for-beginners-and-intermediate-players/

Replay - Beginner

Build Order

Get SALT Encoding   

  12  0:01  SCV  
  13  0:13  SCV  
  14  0:17  Supply Depot  14 – Supply Depot
  14  0:25  SCV  
  15  0:38  SCV  
  15  0:41  Barracks  16 – Barracks
  16  0:45  Refinery  16 – Refinery
  16  0:50  SCV  
  17  1:02  SCV  
  18  1:14  SCV  
  19  1:27  Orbital Command  @100% Barracks – Orbital Command
  19  1:29  Barracks Reactor  @100% Barracks – Reactor
  19  1:39  Command Center  @400 mineral – Command Centre (@100% – Orbital Command)
  19  1:51  Supply Depot  @100 mineral – Supply Depot
  19  1:53  SCV  
  20  2:05  SCV  
  20  2:06  Barracks, Marine  @150 mineral – Barracks (second), @100% Reactor – 2x Marine (continuous Marine production)
  22  2:09  Marine  @100% Reactor – 2x Marine (continuous Marine production)
  23  2:19  SCV  
  23  2:21  Bunker  @100% Supply Depot – Bunker
  24  2:24  Marine  
  24  2:27  Marine  
  26  2:31  SCV  
  27  2:37  Barracks  @150 mineral – Barracks (third)
  27  2:43  SCV  
  28  2:45  Marine x2  
  28  2:50  Orbital Command  Command Centre (@100% – Orbital Command)
  30  2:53  Barracks Tech Lab  @100% Barracks (second) – Tech Lab
  30  2:56  SCV  
  31  3:11  SCV  
  32  3:12  Stimpack  @100% Tech Lab – Stim
  32  3:13  Marine x2  
  32  3:14  Marine  
  32  3:18  SCV  
  36  3:23  Barracks Reactor  @100% Barracks (third) – Reactor
  36  3:25  Supply Depot  @100% Barracks (third) – Supply Depot
  37  3:37  Refinery  @100% Barracks (third) – Refinery
  36  3:27  SCV  
  37  3:35  Factory  @150 mineral – Factory
  31  3:11  Engineering Bay  @125 mineral – Engineering Bay (@100% – +1 Infantry Attack)
  37  3:37  SCV  
  37  3:39  Marine  
  37  3:40  Marine  
  40  3:42  Marine  
  40  3:46  Supply Depot  Build Supply Depot accordingly hereafter
  42  3:48  SCV  
  42  3:53  Supply Depot  Build Supply Depot accordingly hereafter
  42  3:54  SCV  
  43  4:02  Marine x4, SCV  
  46  4:03  Marine  
  46  4:07  SCV  
  50  4:18  SCV  
  50  4:20  Factory Reactor  @100% Factory – Reactor and Starport
  50  4:19  Starport  @100% Starport – Swap Starport onto Factory’s Reactor for 2x Medivac; 2x Refinery; Tech Lab with Factory
  50  4:20  Marine x2  
  50  4:22  Terran Infantry Weapons Level 1  
  50  4:24  SCV  
  54  4:28  Refinery  
  54  4:31  Marine  
  54  4:32  Marine  
  54  4:34  Marine, Supply Depot  
  54  4:37  SCV  
  54  4:38  SCV  
  59  4:45  Marine x2  
  61  4:49  Marine, SCV  
  61  4:50  SCV  
  64  4:55  Marine x2  
  66  5:01  SCV  
  66  5:02  Marine, SCV  
  66  5:03  Marine, Medivac x2  
  66  5:06  Factory Tech Lab  
  74  5:11  Refinery, Supply Depot  
  74  5:13  SCV  
  75  5:14  SCV  
  75  5:15  Supply Depot  
  75  5:16  Combat Shield  
  75  5:18  Marine  
  75  5:19  Marine  
  78  5:32  Marine x2, Supply Depot  
  78  5:33  Marine, SCV x2  
  83  5:36  Medivac  
  83  5:37  Medivac  
  87  5:43  Marine x2  
  87  5:48  SCV x2  
  91  5:50  Marine  
  91  5:53  Marine  
  91  5:54  Marine, Supply Depot, Siege Tank  
  91  5:55  Supply Depot  
  97  6:01  SCV x2  
  99  6:05  Marine x2  
  99  6:10  Supply Depot  
  99  6:11  Supply Depot  
  101  6:14  Marine  
  101  6:15  Marine x2  
  104  6:19  Medivac x2  
  108  6:26  Marine x2  
  108  6:30  Siege Tank  
  108  6:32  Marine  
  114  6:36  Marine x2  
  114  6:38  SCV x2  
  118  6:44  Marine x2  
  121  6:59  Supply Depot  
  128  7:01  Supply Depot  
Spawning Tool Build Advisor. Get it on Overwolf

Analysis

Stim upgrade completion is an easy-to-follow check point that signifies to the player it is time to move out and attack. It is an important power spike that every Terran player needs to be familiar with.

Go to:

Details

  • Created by: gfsqluwg
  • Published on: Aug 14, 2019
  • Modified on: Aug 14, 2019
  • Patch: 4.7.1
  • Difficulty: Easy
Show
View Real Time Build Order
Export as new Build Order

Comments (1)

On Aug. 14, 2019, 5:57 p.m., gfsqluwg  said:

i would appreciate some help on the timing since it isn't very good

Create an account to comment!